 Dungeon Crawl Stone Soup version 0.22.1-6-g1668fe2c40 (webtiles) character file.

5921 Rediskos the Arsonist (level 10, -7/59 HPs)
             Began as a Deep Elf Fire Elementalist on Jan 16, 2019.
             Was a Believer of Vehumet.
             Hit by a stone thrown by Grum (14 damage)
             ... on level 9 of the Dungeon.
             The game lasted 00:39:18 (11906 turns).

Rediskos the Arsonist (Deep Elf Fire Elementalist) Turns: 11906, Time: 00:39:19

Health: -7/59      AC:  6    Str:  5    XL:     10   Next: 53%
Magic:  9/24       EV: 12    Int: 26    God:    Vehumet [**....]
Gold:   572        SH:  0    Dex: 15    Spells: 10/26 levels left

rFire    + . .     SeeInvis +   D - +3 dagger of Luoqei {pierce, rElec MR+ Int+2} (curse)
rCold    x . .     Gourm    .   (no shield)
rNeg     . . .     Faith    .   J - +0 troll leather armour
rPois    .         Spirit   .   w - +1 helmet
rElec    +         Reflect  .   (no cloak)
rCorr    .         Harm     .   (no gloves)
MR       ++...                  (no boots)
Stlth    ++........             (no amulet)
HPRegen  0.59/turn              d - ring of see invisible
MPRegen  0.19/turn              p - ring of fire

@: no status effects
A: no striking features
a: Renounce Religion


You were on level 9 of the Dungeon.
You worshipped Vehumet.
Vehumet was pleased with you.
You were not hungry.

You visited 2 branches of the dungeon, and saw 10 of its levels.

You collected 572 gold pieces.

Inventory:

Hand Weapons
 e - a +0 short sword
 n - a +0 hunting sling
 v - a +0 dagger of protection
 x - a +0 spear
 D - the cursed +3 dagger of Luoqei (weapon) {pierce, rElec MR+ Int+2}
   (You found it on level 6 of the Dungeon)

   It inflicts extra damage upon your enemies.
   It affects your intelligence (+2).
   It insulates you from electricity.
   It affects your resistance to hostile enchantments.
   It has a curse placed upon it.
Missiles
 r - 250 stones (quivered)
 L - 2 throwing nets
Armour
 a - a +0 robe
 w - a +1 helmet (worn)
 J - a +0 troll leather armour (worn)
Jewellery
 d - a ring of see invisible (left hand)
 p - a ring of fire (right hand)
 y - a -3 ring of intelligence
Wands
 h - a wand of enslavement (3)
 l - a wand of random effects (37)
 t - a wand of polymorph (7)
 G - a wand of acid (13)
Scrolls
 i - a scroll of fear
 j - 7 scrolls of teleportation
 k - 4 scrolls of remove curse
 o - 3 scrolls of amnesia
 z - a scroll of blinking
 B - 2 scrolls of fog
 E - 2 scrolls of enchant armour
 F - a scroll of holy word {unknown}
 H - a scroll of immolation
 I - a scroll of magic mapping
 M - a scroll of vulnerability
Potions
 b - 2 potions of berserk rage
 f - 3 potions of flight
 g - 2 potions of heal wounds
 m - 2 potions of agility
 q - 3 potions of haste
 s - 2 potions of might
 u - a potion of invisibility
 A - a potion of curing
 C - a potion of resistance
 K - a potion of lignification
Comestibles
 c - 18 rations


   Skills:
 + Level 5.1 Fighting
 - Level 3.0 Dodging
 - Level 2.9 Stealth
 + Level 8.9 Spellcasting
 * Level 9.9 Conjurations
 * Level 10.3 Fire Magic
 - Level 3.0 Earth Magic


You had 10 spell levels left.
You knew the following spells:

 Your Spells              Type           Power        Failure   Level  Hunger
a - Flame Tongue          Conj/Fire      #####        1%          1    None
d - Conjure Flame         Conj/Fire      #######.     1%          3    None
q - Sticky Flame          Conj/Fire      #######.     1%          4    #......
s - Throw Flame           Conj/Fire      ######       1%          2    None
v - Sandblast             Erth           ####..       2%          1    None
w - Fireball              Conj/Fire      #######...   3%          5    ####...

Your spell library contained the following spells:

 Spells                   Type           Power        Failure   Level  Hunger
 Shock                    Conj/Air       ####         1%          1    None
 Inner Flame              Hex/Fire       ######..     3%          3    None
 Beastly Appendage        Tmut           ##....       9%          1    None
 Sticks to Snakes         Tmut           ##......     13%         2    None
 Spider Form              Tmut/Pois      ##........   26%         3    None
 Ice Form                 Ice/Tmut       ##......     65%         4    #......
 Blade Hands              Tmut           ##........   94%         5    ####...


Dungeon Overview and Level Annotations

Branches:
Dungeon (9/15)             Temple (1/1) D:6
   Lair: D:8-11         Orc: D:9-12

Altars:
Cheibriados
Elyvilon
Fedhas
Hepliaklqana
Nemelex Xobeh
Sif Muna
Vehumet
Yredelemnul

Annotations:
D:9 Grum


Message History

The wolf stops to sniff the ground.
The wolf bites you. Grum hits you from afar with a spear!
The wolf burns!
The wolf barely misses you.
The wolf burns!
The wolf bites you! Vehumet accepts your kill.
You feel your power returning.
You feel a bit more experienced.
There is an open door here.
Casting: Sticky Flame (safe; 1% risk of failure)
Confirm with . or Enter, or press ? or * to list all spells.
Aiming: Conjure Flame (safe; 1% risk of failure)
Press: ? - help, Dir - move target cursor You feel a surge of power!
The fire ignites!
Grum hits you from afar with a spear!
* * * LOW HITPOINT WARNING * * *
Grum shouts, "Pluto!
Good boy!"
Grum throws a stone.
The stone hits you.
* * * LOW HITPOINT WARNING * * *
You see here a stone.
Grum throws a stone.
The stone hits you!
You die...

#.....>.................##.#
#..........#########.#..)#.#
#..........######....#.....##
#..........##..).......#...<#
#..........##.###.....#####.###
...........##.####.......##...#
<.###########.g.h((....#.####.#
..# #..g#####.###.#.####.# ..#
#...ยง.(@...##.#......# ..#
#...#####..##.######## ..#
#...#......##.# ..#
#...#.###.###.##### ..# #...#
###h###.....# ####### #...#
#.....#####.# ......####...#
#.#.......#.# .........#...
#.#.#.......# ......<..# .
#.........#


You could see Grum.

Vanquished Creatures
  Harold (D:9)
  Joseph (D:7)
  2 trolls (D:9)
  A hippogriff (D:9)
  A human (D:8)
  4 hogs (D:8)
  2 hungry ghosts
  A water moccasin (D:9)
  2 ice beasts (D:8)
  A black bear (D:9)
  An eye of draining (D:9)
  An orc warrior (D:9)
  A sky beast (D:5)
  2 wolves (D:9)
  2 centaurs (D:6)
  4 bullfrogs
  A big kobold (D:9)
  2 scorpions
  A wyvern skeleton (D:6)
  12 killer bees (D:9)
  2 bullfrog zombies
  7 hounds
  2 jellies
  2 centaur skeletons
  7 orc priests
  Jessica (D:2)
  An iguana (D:3)
  5 orc wizards
  6 worker ants
  A hound zombie (D:5)
  A hound skeleton (D:8)
  7 gnolls
  13 adders
  A shadow imp (D:9)
  4 oozes
  An adder skeleton (D:9)
  5 worms
  3 dart slugs
  6 leopard geckos
  30 orcs
  5 bats
  5 giant cockroaches
  16 goblins
  9 hobgoblins
  9 jackals
  11 kobolds
  4 quokkas
  A ball python (D:3)
  6 frilled lizards
  A giant cockroach zombie (D:6)
  A jackal skeleton (D:5)
  A jackal zombie (D:8)
  A leopard gecko skeleton (D:8)
  14 rats
232 creatures vanquished.

Notes
Turn   | Place    | Note
-------+----------+-------------------------------------------
     0 | D:1      | Rediskos the Deep Elf Fire Elementalist began the quest for
                  | the Orb.
     0 | D:1      | Reached XP level 1. HP: 10/10 MP: 6/6
   140 | D:1      | Reached XP level 2. HP: 10/15 MP: 4/8
   144 | D:1      | Learned a level 2 spell: Throw Flame
   700 | D:1      | Reached XP level 3. HP: 19/19 MP: 7/9
  1364 | D:2      | Learned a level 3 spell: Conjure Flame
  1625 | D:2      | Reached XP level 4. HP: 24/24 MP: 3/11
  1633 | D:2      | Learned a level 4 spell: Sticky Flame
  1756 | D:2      | Reached skill level 4 in Fire Magic
  1839 | D:2      | Noticed Jessica
  1845 | D:2      | Killed Jessica
  1845 | D:2      | Reached skill level 1 in Fighting
  2339 | D:2      | Reached XP level 5. HP: 23/29 MP: 5/13
  3559 | D:3      | Reached XP level 6. HP: 34/34 MP: 8/14
  4033 | D:4      | Reached skill level 5 in Fire Magic
  4806 | D:5      | Entered Level 5 of the Dungeon
  5020 | D:5      | Reached skill level 5 in Spellcasting
  5020 | D:5      | Reached XP level 7. HP: 37/40 MP: 12/16
  5049 | D:5      | Learned a level 5 spell: Fireball
  5622 | D:5      | Reached skill level 5 in Conjurations
  5630 | D:5      | Reached skill level 6 in Fire Magic
  6289 | D:5      | Found a sparkling altar of Nemelex Xobeh.
  6781 | D:6      | Reached XP level 8. HP: 45/45 MP: 18/18
  6867 | D:6      | Found a staircase to the Ecumenical Temple.
  6889 | Temple   | Entered the Ecumenical Temple
  6899 | Temple   | Became a worshipper of Vehumet
  7521 | D:6      | Reached skill level 7 in Fire Magic
  7909 | D:6      | Got an iridescent dagger
  7910 | D:6      | Identified the cursed +3 dagger of Luoqei {pierce, rElec
                  | MR+ Int+2} (You found it on level 6 of the Dungeon)
  8637 | D:7      | Noticed Joseph
  8647 | D:7      | Killed Joseph
  8711 | D:7      | Reached skill level 8 in Fire Magic
  8711 | D:7      | Reached XP level 9. HP: 40/51 MP: 0/21
  8849 | D:7      | Found a snail-covered altar of Cheibriados.
  8851 | D:7      | Reached * piety under Vehumet
  8851 | D:7      | Offered knowledge of Sandblast by Vehumet.
  8876 | D:7      | Learned a level 1 spell: Sandblast
  9373 | D:8      | Reached skill level 1 in Earth Magic
 10310 | D:9      | Reached skill level 9 in Fire Magic
 10478 | D:9      | Noticed a troll
 10498 | D:9      | Killed a troll
 10912 | D:9      | Noticed a troll
 10921 | D:9      | Killed a troll
 10921 | D:9      | Reached XP level 10. HP: 58/58 MP: 14/24
 11095 | D:9      | Noticed Harold
 11115 | D:9      | Offered knowledge of Shock by Vehumet.
 11125 | D:9      | Killed Harold
 11125 | D:9      | Reached ** piety under Vehumet
 11125 | D:9      | Reached skill level 10 in Fire Magic
 11474 | D:9      | Reached skill level 5 in Fighting
 11887 | D:9      | Noticed Grum
 11906 | D:9      | Hit by a stone thrown by Grum

Skill      XL: |  1  2  3  4  5  6  7  8  9 10 |
---------------+-------------------------------+-----
Dodging        | 3 |  3.0
Conjurations   | 2 3 4 5 7 9 |  9.9
Fire Magic     | 4 5 6 8 9 10 | 10.3
Fighting       | 1 2 3 4 5 |  5.1
Spellcasting   | 4 5 7 8 |  8.9
Earth Magic    | 3 |  3.0
Stealth        | |  2.9

Action                   |  1- 3 |  4- 6 |  7- 9 | 10-12 || total
-------------------------+-------+-------+-------+-------++-------
Melee: Dagger            |       |       |     6 |     6 ||    12
 Fire: Hunting sling     |    19 |   108 |   104 |       ||   231
Throw: Stone             |       |       |     2 |       ||     2
 Cast: Flame Tongue      |    41 |    80 |    96 |    31 ||   248
       Throw Flame       |    26 |    36 |    79 |    20 ||   161
       Sticky Flame      |       |     6 |    11 |     4 ||    21
       Conjure Flame     |       |     8 |    15 |     5 ||    28
       Fireball          |       |       |    11 |     6 ||    17
  Use: Scroll            |       |    13 |     9 |     3 ||    25
       Potion            |       |       |       |     2 ||     2
  Eat: Chunk             |     3 |    12 |    14 |     3 ||    32
       Ration            |       |       |     2 |     1 ||     3
Armor: Robe              |     1 |     6 |     9 |       ||    16
       Troll leather arm |       |       |     1 |     9 ||    10
Dodge: Dodged            |    16 |    30 |    49 |    26 ||   121
